General information
- name: BNet
- type: Ladder team game (AT/RT)
- host: Battle.net
- saver: SacredWar
map: Battleground
- players: 8
- length: 43:01
- speed: Fast
- version: 1.26 W3XP
- replay type: Public
» download(281 KB)
Players
team 1 (loser)

»
AnsO (
blue | 61 APM | 2423 actions | 39:44)
5 Archmage
2 Summon Water Elemental
3 Brilliance Aura
4 Mountain King
2 Storm Bolt
2 Bash
» actions
| Basic commands | 2 | |
| Build / train | 96 | |
| Enter build submenu | 28 | |
| Enter hero's abilities submenu | 9 | |
| Give item / drop item | 3 | |
| Remove unit from queue | 5 | |
| Right click | 1658 | |
| Select / deselect | 538 | |
| Use ability | 83 | |
2423 total
» units
| Peasant | 14 | |
| Footman | 3 | |
| Rifleman | 9 | |
| Priest | 4 | |
| Flying Machine | 9 | |
| Forest Troll Shadow Priest | 1 | |
| Forest Troll Berserker | 1 | |
| Sorceress | 1 | |
| Siege Engine | 3 | |
45 total
» upgrades
| Masonry | 3 | |
| Lumber Harvesting | 2 | |
| Long Rifles | 1 | |
| Gunpowder | 3 | |
| Magic Sentry | 1 | |
| Plating | 3 | |
| Priest Training | 2 | |
| Flak Cannons | 1 | |
| Sorceress Training | 2 | |
| Barrage | 1 | |
19 total
» buildings
| Altar of Kings | 1 | |
| Farm | 8 | |
| Barracks | 1 | |
| Arcane Vault | 1 | |
| Lumber Mill | 1 | |
| Keep | 1 | |
| Scout Tower | 10 | |
| Arcane Tower | 5 | |
| Blacksmith | 1 | |
| Guard Tower | 2 | |
| Arcane Sanctum | 1 | |
| Workshop | 1 | |
| Castle | 1 | |
34 total
» build order
00:39 Altar of Kings
00:45 Farm
00:52 Barracks
01:48 Farm
02:27 Farm
02:39 Arcane Vault
03:06 Lumber Mill
03:18 Keep
04:12 Scout Tower
04:30 Arcane Tower
04:35 Blacksmith
04:39 Scout Tower
05:07 Arcane Tower
05:12 Scout Tower
06:21 Guard Tower
06:48 Farm
07:20 Arcane Sanctum
08:24 Workshop
08:56 Farm
11:24 Castle
12:10 Farm
12:14 Farm
12:39 Scout Tower
12:54 Farm
13:18 Arcane Tower
17:33 Scout Tower
17:42 Scout Tower
17:46 Scout Tower
17:49 Scout Tower
18:07 Guard Tower
18:14 Arcane Tower
18:17 Arcane Tower
23:12 Scout Tower
23:14 Scout Tower
» items
| Mechanical Critter | 1 | |
| Potion of Lesser Invulnerability | 1 | |
| Scroll of Protection | 1 | |
| Orb of Fire | 2 | |
| Scroll of Town Portal | 3 | |
| Potion of Healing | 1 | |
9 total
SacredWar (
yellow | 80 APM | 3432 actions | 43:01)
6 Blood Mage
3 Flame Strike
2 Siphon Mana
1 Summon Phoenix
» actions
| Assign group hotkey | 48 | |
| Basic commands | 239 | |
| Build / train | 214 | |
| ESC pressed | 17 | |
| Enter build submenu | 42 | |
| Enter hero's abilities submenu | 6 | |
| Give item / drop item | 3 | |
| Remove unit from queue | 3 | |
| Right click | 1202 | |
| Select / deselect | 431 | |
| Select group hotkey | 833 | |
| Use ability | 394 | |
3432 total
» units
| Peasant | 16 | |
| Footman | 6 | |
| Sorceress | 1 | |
| Gryphon Rider | 4 | |
| Dragonhawk Rider | 2 | |
29 total
» upgrades
| Masonry | 3 | |
| Sorceress Training | 2 | |
| Magic Sentry | 1 | |
| Lumber Harvesting | 2 | |
| Swords | 4 | |
| Animal War Training | 2 | |
| Armor | 5 | |
| Storm Hammers | 1 | |
| Plating | 3 | |
| Gunpowder | 3 | |
| Cloud | 1 | |
27 total
» buildings
| Altar of Kings | 1 | |
| Barracks | 1 | |
| Farm | 7 | |
| Arcane Vault | 1 | |
| Keep | 3 | |
| Scout Tower | 24 | |
| Lumber Mill | 3 | |
| Arcane Tower | 6 | |
| Arcane Sanctum | 1 | |
| Guard Tower | 57 | |
| Castle | 2 | |
| Gryphon Aviary | 2 | |
| Blacksmith | 1 | |
| Town Hall | 2 | |
111 total
» build order
00:42 Altar of Kings
00:44 Barracks
00:52 Farm
01:08 Farm
01:38 Farm
02:12 Farm
02:22 Arcane Vault
04:03 Keep
04:03 Keep
04:37 Scout Tower
04:38 Lumber Mill
04:44 Lumber Mill
05:34 Arcane Tower
05:35 Arcane Tower
06:21 Scout Tower
07:02 Lumber Mill
07:04 Farm
07:07 Arcane Tower
07:08 Arcane Tower
07:12 Scout Tower
07:40 Arcane Sanctum
08:17 Guard Tower
08:17 Guard Tower
09:21 Scout Tower
09:23 Scout Tower
09:24 Scout Tower
09:26 Scout Tower
09:28 Scout Tower
09:52 Guard Tower
09:52 Guard Tower
09:53 Guard Tower
09:54 Guard Tower
09:54 Guard Tower
09:54 Guard Tower
09:54 Guard Tower
09:55 Guard Tower
10:28 Farm
10:50 Castle
10:50 Castle
11:09 Scout Tower
11:12 Scout Tower
12:25 Gryphon Aviary
12:29 Gryphon Aviary
12:38 Farm
12:50 Blacksmith
13:05 Guard Tower
13:05 Guard Tower
16:13 Town Hall
16:15 Scout Tower
16:17 Scout Tower
16:19 Scout Tower
16:23 Scout Tower
16:29 Scout Tower
16:30 Scout Tower
16:32 Scout Tower
16:35 Scout Tower
16:44 Guard Tower
16:45 Guard Tower
16:45 Guard Tower
16:45 Guard Tower
17:08 Guard Tower
17:08 Guard Tower
17:08 Guard Tower
17:22 Guard Tower
17:22 Guard Tower
17:24 Guard Tower
17:24 Guard Tower
17:24 Guard Tower
17:40 Guard Tower
17:40 Guard Tower
17:49 Guard Tower
19:53 Town Hall
23:02 Scout Tower
23:29 Guard Tower
23:29 Guard Tower
23:33 Scout Tower
23:34 Scout Tower
23:35 Scout Tower
23:39 Scout Tower
23:41 Scout Tower
24:02 Guard Tower
24:03 Guard Tower
24:03 Guard Tower
24:03 Guard Tower
24:03 Guard Tower
24:05 Guard Tower
24:05 Guard Tower
24:07 Guard Tower
24:07 Guard Tower
24:08 Guard Tower
24:08 Guard Tower
24:08 Guard Tower
» items
| Scroll of Regeneration | 7 | |
| Lesser Clarity Potion | 12 | |
| Potion of Mana | 1 | |
| Boots of Speed | 1 | |
| Staff of Teleportation | 1 | |
| Potion of Invisibility | 1 | |
| Staff of Sanctuary | 1 | |
| Potion of Healing | 1 | |
| Scroll of Town Portal | 3 | |
| Potion of Lesser Invulnerability | 1 | |
29 total
pinoy720 (
green | 130 APM | 4989 actions | 38:16)
5 Mountain King
3 Storm Bolt
2 Bash
5 Paladin
3 Holy Light
2 Divine Shield
» actions
| Assign group hotkey | 71 | |
| Basic commands | 34 | |
| Build / train | 71 | |
| Enter build submenu | 19 | |
| Enter hero's abilities submenu | 10 | |
| Give item / drop item | 1 | |
| Remove unit from queue | 3 | |
| Right click | 2121 | |
| Select / deselect | 656 | |
| Select group hotkey | 1941 | |
| Use ability | 62 | |
4989 total
» units
| Peasant | 8 | |
| Rifleman | 21 | |
| Mortar Team | 7 | |
36 total
» upgrades
| Long Rifles | 1 | |
| Gunpowder | 1 | |
| Fragmentation Shards | 1 | |
| Flare | 1 | |
| Armor | 1 | |
5 total
» buildings
| Farm | 10 | |
| Altar of Kings | 1 | |
| Blacksmith | 1 | |
| Barracks | 1 | |
| Scout Tower | 1 | |
| Arcane Vault | 1 | |
| Arcane Tower | 2 | |
| Keep | 4 | |
| Workshop | 1 | |
| Lumber Mill | 1 | |
| Castle | 2 | |
25 total
» build order
00:16 Farm
00:27 Altar of Kings
01:00 Blacksmith
01:32 Barracks
01:45 Farm
01:58 Scout Tower
02:15 Arcane Vault
02:19 Farm
02:47 Arcane Tower
03:04 Farm
04:40 Keep
04:41 Keep
04:41 Keep
04:52 Farm
07:17 Workshop
07:32 Farm
07:37 Lumber Mill
07:45 Farm
08:56 Castle
09:09 Farm
10:38 Farm
11:40 Farm
» items
| Orb of Fire | 1 | |
| Scroll of Town Portal | 6 | |
7 total
Ramiz (
orange | 31 APM | 1318 actions | 42:49)
3 Archmage
2 Summon Water Elemental
1 Blizzard
2 Paladin
1 Divine Shield
1 Holy Light
» actions
| Assign group hotkey | 79 | |
| Basic commands | 123 | |
| Build / train | 81 | |
| Enter build submenu | 31 | |
| Enter hero's abilities submenu | 6 | |
| Remove unit from queue | 4 | |
| Right click | 520 | |
| Select / deselect | 321 | |
| Select group hotkey | 95 | |
| Use ability | 57 | |
1318 total
» units
| Peasant | 17 | |
| Footman | 6 | |
| Rifleman | 8 | |
| Priest | 2 | |
| Sorceress | 2 | |
| Knight | 2 | |
| Mortar Team | 4 | |
| Siege Engine | 4 | |
45 total
» upgrades
| Lumber Harvesting | 1 | |
| Masonry | 2 | |
| Sorceress Training | 1 | |
| Priest Training | 2 | |
| Swords | 0 | |
| Plating | 1 | |
| Armor | 1 | |
| Animal War Training | 1 | |
| Barrage | 1 | |
10 total
» buildings
| Altar of Kings | 1 | |
| Barracks | 2 | |
| Farm | 8 | |
| Lumber Mill | 1 | |
| Scout Tower | 7 | |
| Arcane Tower | 2 | |
| Arcane Vault | 1 | |
| Guard Tower | 5 | |
| Blacksmith | 1 | |
| Keep | 1 | |
| Castle | 1 | |
| Arcane Sanctum | 1 | |
| Workshop | 1 | |
| Town Hall | 2 | |
34 total
» build order
00:28 Altar of Kings
00:40 Barracks
00:45 Farm
00:58 Farm
01:48 Lumber Mill
02:01 Scout Tower
02:05 Farm
02:32 Scout Tower
02:34 Arcane Tower
02:46 Farm
03:08 Arcane Vault
03:14 Guard Tower
04:43 Blacksmith
04:45 Keep
04:50 Scout Tower
06:26 Guard Tower
06:34 Barracks
08:22 Scout Tower
08:56 Farm
08:59 Arcane Tower
10:12 Scout Tower
10:53 Castle
10:55 Guard Tower
10:59 Arcane Sanctum
14:10 Workshop
15:39 Guard Tower
16:00 Farm
16:02 Farm
17:39 Town Hall
18:11 Farm
23:11 Scout Tower
23:14 Scout Tower
24:18 Guard Tower
30:59 Town Hall
» items
| Scroll of Regeneration | 2 | |
| Ivory Tower | 2 | |
| Potion of Healing | 1 | |
| Scroll of Town Portal | 1 | |
6 total
team 2 (winner)
YanBulldog (
red | 120 APM | 1896 actions | 15:44)
3 Shadow Hunter
1 Hex
2 Healing Wave
1 Tauren Chieftain
1 Shockwave
» actions
| Assign group hotkey | 28 | |
| Basic commands | 149 | |
| Build / train | 44 | |
| Enter build submenu | 15 | |
| Enter hero's abilities submenu | 4 | |
| Give item / drop item | 4 | |
| Right click | 1102 | |
| Select / deselect | 198 | |
| Select group hotkey | 313 | |
| Use ability | 39 | |
1896 total
» units
» upgrades
| Berserker Strength | 1 | |
| Shaman Training | 2 | |
| Armor | 1 | |
4 total
» buildings
| Altar of Storms | 1 | |
| Orc Burrow | 5 | |
| Barracks | 1 | |
| Voodoo Lounge | 1 | |
| Stronghold | 1 | |
| War Mill | 1 | |
| Beastiary | 2 | |
| Spirit Lodge | 1 | |
| Fortress | 1 | |
14 total
» build order
00:18 Altar of Storms
00:26 Orc Burrow
00:50 Barracks
01:38 Orc Burrow
02:11 Voodoo Lounge
02:59 Orc Burrow
05:25 Stronghold
06:26 Orc Burrow
07:12 War Mill
08:07 Beastiary
08:11 Spirit Lodge
09:59 Fortress
12:49 Beastiary
14:19 Orc Burrow
» items
| Healing Salve | 3 | |
| Scroll of Speed | 1 | |
| Lesser Clarity Potion | 2 | |
| Potion of Mana | 1 | |
7 total
TRAINRWECK. (
pink | 60 APM | 2575 actions | 43:01)
9 Blademaster
3 Wind Walk
3 Critical Strike
1 Bladestorm
2 Mirror Image
» actions
| Assign group hotkey | 75 | |
| Basic commands | 24 | |
| Build / train | 56 | |
| Enter build submenu | 16 | |
| Enter hero's abilities submenu | 9 | |
| Give item / drop item | 5 | |
| Right click | 1143 | |
| Select / deselect | 188 | |
| Select group hotkey | 770 | |
| Use ability | 289 | |
2575 total
» units
» upgrades
| Ranged Weapons | 2 | |
| Reinforced Defenses | 1 | |
| Armor | 2 | |
| Envenomed Spears | 1 | |
6 total
» buildings
| Altar of Storms | 1 | |
| Orc Burrow | 6 | |
| Voodoo Lounge | 1 | |
| Stronghold | 1 | |
| War Mill | 1 | |
| Beastiary | 3 | |
| Fortress | 1 | |
| Watch Tower | 23 | |
| Great Hall | 1 | |
38 total
» build order
00:09 Altar of Storms
00:20 Orc Burrow
01:25 Voodoo Lounge
02:25 Stronghold
02:28 War Mill
03:05 Orc Burrow
03:05 Orc Burrow
03:07 Orc Burrow
05:04 Beastiary
05:05 Beastiary
06:19 Fortress
08:29 Watch Tower
08:29 Watch Tower
08:30 Watch Tower
08:31 Watch Tower
08:31 Watch Tower
08:31 Watch Tower
13:13 Beastiary
14:39 Great Hall
14:43 Watch Tower
14:43 Watch Tower
14:44 Watch Tower
14:45 Watch Tower
14:47 Watch Tower
14:48 Watch Tower
15:55 Watch Tower
15:55 Watch Tower
17:20 Orc Burrow
17:20 Orc Burrow
21:49 Watch Tower
21:50 Watch Tower
26:08 Watch Tower
26:08 Watch Tower
26:09 Watch Tower
26:09 Watch Tower
27:39 Watch Tower
27:39 Watch Tower
27:40 Watch Tower
» items
| Healing Salve | 4 | |
| Lesser Clarity Potion | 2 | |
| Staff of Teleportation | 1 | |
| Boots of Speed | 1 | |
| Potion of Lesser Invulnerability | 5 | |
| Potion of Mana | 2 | |
| Scroll of Town Portal | 1 | |
| Tiny Great Hall | 1 | |
17 total

»
vegetableman (
teal | 53 APM | 2269 actions | 42:33)
7 Warden
3 Fan of Knives
2 Shadow Strike
1 Blink
1 Spirit of Vengeance
5 Priestess of the Moon
3 Trueshot Aura
2 Searing Arrows
» actions
| Assign group hotkey | 31 | |
| Basic commands | 126 | |
| Build / train | 112 | |
| Enter build submenu | 27 | |
| Enter hero's abilities submenu | 12 | |
| Give item / drop item | 2 | |
| Remove unit from queue | 2 | |
| Right click | 1267 | |
| Select / deselect | 393 | |
| Select group hotkey | 182 | |
| Use ability | 112 | |
2269 total
» units
| Wisp | 23 | |
| Archer | 23 | |
| Hippogryph | 11 | |
| Dryad | 10 | |
| Glaive Thrower | 6 | |
73 total
» upgrades
| Strength of the Moon | 3 | |
| Moon Armor | 3 | |
| Improved Bows | 1 | |
| Hippogryph Taming | 1 | |
| Marksmanship | 1 | |
| Ultravision | 1 | |
| Well Spring | 1 | |
11 total
» buildings
| Altar of Elders | 1 | |
| Moon Well | 10 | |
| Ancient of War | 2 | |
| Ancient of Wonders | 2 | |
| Tree of Ages | 2 | |
| Hunter's Hall | 1 | |
| Ancient of Wind | 1 | |
| Tree of Eternity | 1 | |
| Tree of Life | 1 | |
21 total
» build order
00:20 Altar of Elders
00:32 Moon Well
00:53 Ancient of War
02:01 Moon Well
02:25 Ancient of Wonders
02:34 Ancient of Wonders
03:32 Moon Well
03:54 Tree of Ages
04:07 Hunter's Hall
04:42 Moon Well
06:39 Ancient of Wind
06:45 Moon Well
08:07 Moon Well
08:21 Ancient of War
08:34 Tree of Eternity
26:04 Moon Well
26:11 Moon Well
26:20 Moon Well
26:25 Moon Well
37:16 Tree of Life
42:28 Tree of Ages
» items
| Boots of Speed | 2 | |
| Orb of Venom | 1 | |
| Scroll of Town Portal | 1 | |
| Orb of Lightning | 1 | |
| Lesser Clarity Potion | 2 | |
| Potion of Healing | 1 | |
| Potion of Mana | 1 | |
9 total

»
GUNBUN (
purple | 14 APM | 410 actions | 29:30)
3 Keeper of the Grove
1 Force of Nature
2 Entangling Roots
1 Priestess of the Moon
1 Trueshot Aura
» actions
| Build / train | 57 | |
| Enter build submenu | 15 | |
| Enter hero's abilities submenu | 4 | |
| Right click | 153 | |
| Select / deselect | 153 | |
| Use ability | 28 | |
410 total
» units
| Wisp | 13 | |
| Archer | 14 | |
| Huntress | 4 | |
| Mountain Giant | 9 | |
40 total
» upgrades
| Strength of the Moon | 1 | |
| Moon Armor | 1 | |
| Druid of the Claw Training | 2 | |
| Strength of the Wild | 3 | |
| Reinforced Hides | 1 | |
| Hardened Skin | 1 | |
9 total
» buildings
| Altar of Elders | 1 | |
| Moon Well | 8 | |
| Ancient of War | 1 | |
| Tree of Ages | 1 | |
| Hunter's Hall | 1 | |
| Ancient Protector | 2 | |
| Ancient of Lore | 1 | |
| Tree of Eternity | 1 | |
| Ancient of Wonders | 1 | |
17 total
» build order
00:11 Altar of Elders
00:18 Moon Well
00:59 Ancient of War
01:58 Moon Well
02:57 Moon Well
03:04 Tree of Ages
03:49 Hunter's Hall
04:03 Moon Well
06:23 Ancient Protector
07:27 Ancient of Lore
08:50 Tree of Eternity
10:05 Ancient Protector
12:06 Ancient of Wonders
14:01 Moon Well
15:00 Moon Well
20:03 Moon Well
23:37 Moon Well
Chat log
(08:34 / Allies) pinoy720: you iknow pink is str8 teching right
(09:16 / Allies) SacredWar: inc my base
(09:17 / Allies) SacredWar: ack
(09:18 / Allies) SacredWar: back
(10:03 / Allies) pinoy720: get defend oj
(10:17 / Allies) pinoy720: smh
(11:00 / Allies) AnsO: pink got wyv
(11:07 / Allies) pinoy720: no shit
(14:39 / All) AnsO: phone fucking lycky pink
(14:50 / All) SacredWar: how's that for some real harassment, red?
(17:13 / Allies) pinoy720: keep pumping out units blue
(17:18 / Allies) pinoy720: jesus christ
(17:59 / Allies) pinoy720: they have mass air dumbass
(19:59 / Allies) AnsO: go all aa
(20:10 / Allies) AnsO: tp?
(20:18 / Allies) AnsO: tp tp tpt
(21:28 / Allies) AnsO: bacl oj
(21:39 / Allies) pinoy720: oj you are dumb
(21:57 / Allies) AnsO: ill go tank fuck
(21:57 / All) SacredWar: not sure how long it took to creep that shop
(22:02 / All) SacredWar: but however long it was, it was far too long
(22:03 / All) SacredWar: fucking red
(23:43 / All) AnsO: oki u hack pink i see
(23:46 / All) TRAINRWECK.: lawl
(23:47 / All) TRAINRWECK.: stfu
(23:50 / All) TRAINRWECK.: there is only 3 expos
(24:05 / Allies) pinoy720: blue
(24:09 / Allies) pinoy720: pump units man
(24:30 / All) SacredWar: god vegetableman sucks
(24:33 / All) SacredWar: he is a fucking vegetable
(24:34 / All) TRAINRWECK.: u werent on the pohne blue
(25:35 / All) SacredWar: almost got his hero
(26:42 / Allies) AnsO: no money no candy
(28:18 / Allies) AnsO: baack oj
(28:25 / Allies) AnsO: bAAACK
(28:29 / All) SacredWar: My allies haven't spoken to me all game
(29:09 / Allies) Ramiz: gold
(30:04 / Allies) AnsO: FUCKING BASTARD
(30:10 / Allies) SacredWar: who?
(30:15 / Allies) AnsO: PINK
(30:20 / All) SacredWar: Pink
(30:24 / All) SacredWar: Blue says you are a fucking bastard
(31:01 / Allies) AnsO: YELLOW WTF U DOING??????6
(31:02 / All) TRAINRWECK.: not sure y
(31:05 / All) TRAINRWECK.: did nothing wrong blue
(31:10 / Allies) SacredWar: Using a blood mage to do more than youd id all game
(31:18 / Allies) SacredWar: bet you I have more structures killed on the score screen!
(31:40 / Allies) Ramiz: yellow help
(31:43 / Allies) SacredWar: with what?
(31:55 / Allies) SacredWar: huh?
(32:13 / Allies) Ramiz: gryphone'
(32:18 / Allies) SacredWar: wats that?
(32:22 / Allies) SacredWar: gry phone
(32:25 / Allies) SacredWar: is that a new iphone?
(33:03 / All) SacredWar: Blue says gryphone
(33:07 / All) SacredWar: wat phone is that
(33:11 / Allies) AnsO: NO NOT ME OJ
(33:13 / All) TRAINRWECK.: u are a great player blue
(33:15 / All) SacredWar: ne1 here use gryphone?
(33:48 / Allies) SacredWar: green u here?
(34:03 / Allies) SacredWar: i have important question for u green are u here?
(34:12 / Allies) SacredWar: GREEN
(34:13 / Allies) SacredWar: NOOB
(34:15 / Allies) SacredWar: TALK TO ME
(34:42 / All) TRAINRWECK.: shitty items got 2 crystal balls
(35:11 / Allies) AnsO: oki yellow im sure pink hes your friends or same clan
(35:16 / Allies) SacredWar: wat is that?
(35:20 / Allies) SacredWar: clan
(35:31 / Allies) SacredWar: we are part of no ku koux klan
(35:47 / All) TRAINRWECK.: y u think i was hacking blue
(35:50 / Allies) SacredWar: r u kkk? u say i am in the clan
(35:55 / Allies) AnsO: and whuy u do nothing?
(36:06 / Allies) SacredWar: i do more than u bro u will see on the score screen
(36:10 / Allies) SacredWar: 100% higher score
(36:32 / Allies) AnsO: sure not because pink better than u
(36:40 / Allies) SacredWar: huh?
(37:23 / Allies) AnsO: lol
(37:58 / All) SacredWar: BLUE IS A BACKSTABBER
(37:59 / Allies) SacredWar: HERUIAGE
(38:02 / Allies) SacredWar: HE
(38:03 / All) SacredWar: HIT
(38:04 / All) SacredWar: MY HERO
(38:45 / All) SacredWar: BLUE BACKSTABBER
(38:47 / Allies) SacredWar: GG NOOBS
(38:51 / All) SacredWar: WE HAVE BACKSTABBER ON OUR TEAM
(38:54 / All) SacredWar: I AM REPORTING HIM TO BLIZZARD
(39:03 / All) AnsO: awwww lol u r retard
(39:13 / All) SacredWar: UR RETARD BRO
(39:18 / All) SacredWar: BACKSTABBER BRO
(40:22 / Allies) SacredWar: u loose bro
(40:23 / Allies) SacredWar: leave noob
(40:38 / Allies) SacredWar: u loose man
(40:41 / Allies) SacredWar: U LOOSE
(42:13 / Allies) SacredWar: u loose bro leave
(42:15 / Allies) SacredWar: u mad bro?
(42:24 / Allies) SacredWar: are u punching the wall, BANG!!!!
(42:36 / All) SacredWar: nice
(42:52 / All) SacredWar: NICE
(42:55 / All) SacredWar: Who gets the loss?
(42:56 / All) SacredWar: My team?
(43:00 / All) TRAINRWECK.: yes